 Dungeon Crawl Stone Soup version 0.30.1-11-g7821555f0a (webtiles) character file.

Game seed: 3889167581179817185

8626 Peloso the Carver (level 11, -1/97 HPs)
             Began as a Minotaur Fighter on Jan 14, 2024.
             Was a High Priest of Okawaru.
             Slain by a troll (13 damage)
             ... on level 10 of the Dungeon.
             The game lasted 00:18:40 (8404 turns).

Peloso the Carver (Minotaur Fighter)                Turns: 8404, Time: 00:18:41

Health: -1/97      AC: 17    Str: 22    XL:     11   Next: 12%
Magic:  10/10      EV:  8    Int:  5    God:    Okawaru [*****.]
Gold:   535        SH:  6    Dex: 13    Spells: 10/10 levels left

rFire   + . .        a - +7 long sword of Pekh {flame, Contam rPois rCorr SInv}
rCold   . . .        d - +0 buckler
rNeg    . . .        w - +0 plate armour
rPois   +            (helmet restricted)
rElec   .            I - +0 cloak
rCorr   +            (no gloves)
SInv    +            l - +0 pair of boots
Will    +....        (no amulet) Stlth
                     k - ring of willpower
HPRegen 0.36/turn    x - ring of protection from fire
MPRegen 0.12/turn

%: no passive effects
@: no status effects
A: horns 2, retaliatory headbutt
a: Renounce Religion, Heroism, Finesse, Duel


You were on level 10 of the Dungeon.
You worshipped Okawaru.
Okawaru was extremely pleased with you.
You visited 1 branch of the dungeon, and saw 10 of its levels.

You collected 535 gold pieces.

Inventory:

Hand Weapons
 a - the +7 long sword of Pekh (weapon) {flame, Contam rPois rCorr SInv}
   (You found it on level 5 of the Dungeon)

   rPois:     It protects you from poison.
   SInv:      It lets you see invisible.
   Contam:    It causes magical contamination when unequipped.
   rCorr:     It protects you from acid and corrosion.
 b - a +0 long sword
Armour
 c - a +0 chain mail
 d - a +0 buckler (worn)
 l - a +0 pair of boots (worn)
 w - a +0 plate armour (worn)
 B - a +0 scale mail of fire resistance
 I - a +0 cloak (worn)
Jewellery
 k - a ring of willpower (left hand)
 u - a +5 ring of evasion
 x - a ring of protection from fire (right hand)
 E - a ring of flight
Wands
 v - a wand of flame (27)
 y - a wand of polymorph (4)
 C - a wand of quicksilver (16)
 F - a wand of mindburst (2)
Scrolls
 e - 4 scrolls of teleportation
 f - 3 scrolls of immolation {unknown}
 g - 2 scrolls of amnesia {unknown}
 i - 3 scrolls of identify
 j - a scroll of torment {unknown}
 m - 2 scrolls of brand weapon {unknown}
 n - 2 scrolls of magic mapping {unknown}
 o - 2 scrolls of fear {unknown}
 q - 2 scrolls of poison {unknown}
 s - 3 scrolls of blinking {unknown}
 t - 2 scrolls of noise {unknown}
 A - 4 scrolls of fog {unknown}
Potions
 h - 2 potions of might
 p - 3 potions of berserk rage
 r - 2 potions of brilliance
 z - 4 potions of mutation
 D - 3 potions of flight
 G - a potion of ambrosia
 J - a potion of heal wounds
Miscellaneous
 H - a lightning rod (4/4)


   Skills:
 + Level 9.5 Fighting
 + Level 13.0 Long Blades
 + Level 10.7 Armour
 + Level 3.1 Dodging
 + Level 1.4 Stealth
 + Level 8.5 Shields
 + Level 1.1 Invocations
 + Level 1.0 Evocations


You had 10 spell levels left.
You didn't know any spells.
Your spell library contained the following spells:

 Spells                   Type           Power      Damage    Failure   Level
 Cigotuvi's Dreadful Rot  Necr/Pois/Air  0%         N/A       100%        2
 Ensorcelled Hibernation  Hex/Ice        0%         N/A       100%        2
 Ignite Poison            Fire/Tmut/Pois 0%         N/A       100%        3
 Portal Projectile        Hex/Tloc       0%         N/A       100%        3
 Spider Form              Tmut/Pois      0%         N/A       100%        3
 Anguish                  Hex/Necr       0%         N/A       100%        4
 Leda's Liquefaction      Hex/Erth       0%         N/A       100%        4
 Freezing Cloud           Conj/Ice/Air   0%         6-21      100%        5
 Call Canine Familiar     Summ           Unusable   N/A       N/A         3

Dungeon Overview and Level Annotations

Branches:
Dungeon (10/15)            Temple (0/1) D:7
   Lair: D:8-11         Orc: D:9-12

Altars:
Fedhas
Hepliaklqana
Kikubaaqudgha
Makhleb
Nemelex Xobeh
Okawaru
Sif Muna
Wu Jian
The Shining One

Annotations:
D:6 2 transporters, ripuliukko's ghost, novice GrEE


Innate Abilities, Weirdness & Mutations

You have a pair of horns on your head.
You reflexively headbutt those who attack you in melee.


Message History

You closely miss the troll. You headbutt the troll!
The troll is moderately wounded.
The troll barely misses you. You block the troll's attack.
The troll claws you but does no damage.
You hit the troll. You burn the troll.
The troll is moderately wounded.
The troll closely misses you. You block the troll's attack.
The troll claws you but does no damage.
You slash the troll! You burn the troll.
The troll is severely wounded.
You closely miss the troll. You headbutt the troll!
The troll is almost dead.
The troll bites you but does no damage. The troll claws you but does no damage.
The troll claws you.
* * * LOW HITPOINT WARNING * * *
You slash the troll! You burn the troll.
You kill the troll!
Okawaru accepts your kill.
Your base Long Blades skill increases to level 13!
J - a potion of heal wounds
Things that are here:
a +0 scimitar of flaming; a +0 robe; the human corpse of Erica You feel like a meek peon again.
A troll comes into view.
The troll shouts!
The troll bites you!
* * * LOW HITPOINT WARNING * * *
You block the troll's attack. The troll claws you but does no damage.
You closely miss the troll. You headbutt the troll!
The troll is lightly wounded.
You slice the troll!! You burn the troll.
The troll is severely wounded.
The troll bites you but does no damage. The troll claws you.
* * * LOW HITPOINT WARNING * * *
The troll claws you.
* * * LOW HITPOINT WARNING * * *
You hit the troll. You burn the troll. You headbutt the troll.
The troll is severely wounded.
The troll bites you!
You die...

################
#.......@T......
#.#####.........
#.# #.........
#.# #.........
#.# #.........
#.# #.........
#########.#
#.........
#.........#
#.........
#..<......#####


You could see a troll.

Vanquished Creatures
  Erolcha (D:9)
  Erica (D:10)
  A two-headed ogre (D:9)
  Amaemon (D:8)
  Pikel (D:6)
  Maurice (D:10)
  An orange demon (D:8)
  Maggie (D:6)
  A hornet (D:7)
  A troll (D:10)
  Sigmund (D:6)
  A wraith (D:8)
  3 steam dragons
  3 water moccasins
  Edmund (D:4)
  An acid dragon (D:10)
  2 orc warriors
  2 ice beasts
  A black bear (D:6)
  2 ogres (D:6)
  A phantom (D:5)
  2 kobold brigands
  2 scorpions (D:6)
  A gnoll sergeant (D:6)
  4 bullfrogs
  9 wights
  9 killer bees
  8 orc priests
  A gnoll bouda (D:6)
  A hound (D:5)
  2 jellies (D:7)
  4 iguanas
  3 iron imps (D:3)
  Jessica (D:1)
  Ijyb (D:4)
  2 sleepcaps
  5 orc wizards
  19 gnolls
  13 adders
  A shadow imp (D:5)
  4 white imps
  An ufetubus (D:6)
  A worm (D:5)
  3 dart slugs
  16 orcs
  6 ball pythons
  8 endoplasms
  2 giant cockroaches
  7 goblins
  10 hobgoblins
  8 jackals
  14 kobolds
  3 quokkas
  2 bats (D:1)
  4 frilled lizards
  2 rats
207 creatures vanquished.

Notes
Turn   | Place    | Note
-------+----------+-------------------------------------------
     0 | D:1      | Peloso the Minotaur Fighter began the quest for the Orb.
     0 | D:1      | Reached XP level 1. HP: 19/19 MP: 0/0
   287 | D:1      | Reached XP level 2. HP: 18/27 MP: 1/1
   894 | D:2      | Noticed Jessica
   907 | D:1      | Killed Jessica
   908 | D:1      | Reached skill level 3 in Long Blades
   908 | D:1      | Reached XP level 3. HP: 33/33 MP: 2/2
  1080 | D:2      | Reached XP level 4. HP: 41/41 MP: 3/3
  1321 | D:2      | Found a hazy altar of Hepliaklqana.
  1826 | D:3      | You fall into a shaft and drop 3 floors!
  1837 | D:5      | Entered Level 5 of the Dungeon
  1846 | D:5      | Reached skill level 4 in Long Blades
  1892 | D:5      | Reached XP level 5. HP: 47/47 MP: 4/4
  2103 | D:5      | Identified the +7 long sword of Pekh {flame, Contam rPois
                  | rCorr SInv}
  2118 | D:5      | Reached skill level 5 in Long Blades
  2161 | D:4      | Reached skill level 1 in Dodging
  2270 | D:4      | Reached XP level 6. HP: 49/55 MP: 5/5
  2324 | D:4      | Noticed Ijyb
  2337 | D:4      | Killed Ijyb
  2338 | D:4      | Reached skill level 5 in Fighting
  2451 | D:4      | Noticed Edmund
  2465 | D:4      | Killed Edmund
  2466 | D:4      | Reached skill level 6 in Long Blades
  2466 | D:4      | Reached skill level 5 in Armour
  2731 | D:3      | Found a burning altar of Makhleb.
  2752 | D:3      | Reached XP level 7. HP: 61/61 MP: 6/6
  3109 | D:4      | Reached skill level 7 in Long Blades
  3152 | D:4      | Found an iron altar of Okawaru.
  3163 | D:4      | Became a worshipper of Warmaster Okawaru
  3569 | D:5      | Identified the +1 hand axe "Qiff" {flame, rElec rF- Str+2}
  3775 | D:6      | Noticed a steam dragon
  3779 | D:6      | Killed a steam dragon
  3780 | D:6      | Reached skill level 5 in Shields
  3799 | D:6      | Noticed ripuliukko's ghost (novice GrEE)
  3806 | D:6      | Noticed Sigmund
  3812 | D:6      | Killed Sigmund
  3813 | D:6      | Reached skill level 8 in Long Blades
  3813 | D:6      | Reached XP level 8. HP: 70/70 MP: 7/7
  3816 | D:6      | Reached * piety under Okawaru
  3969 | D:6      | Reached skill level 1 in Evocations
  4135 | D:6      | Reached skill level 1 in Stealth
  4138 | D:6      | Reached skill level 9 in Long Blades
  4358 | D:6      | Found a transporter.
  4364 | D:6      | Found a transporter.
  4372 | D:6      | Noticed Maggie
  4382 | D:6      | Killed Maggie
  4393 | D:6      | Reached ** piety under Okawaru
  4396 | D:6      | Reached XP level 9. HP: 54/78 MP: 8/8
  4399 | D:6      | Noticed Pikel
  4402 | D:6      | Killed Pikel
  4403 | D:6      | Reached skill level 10 in Long Blades
  5042 | D:7      | Reached *** piety under Okawaru
  5194 | D:7      | Reached skill level 11 in Long Blades
  5397 | D:7      | Found a staircase to the Ecumenical Temple.
  5573 | D:8      | Received a gift from Okawaru
  5756 | D:8      | Reached XP level 10. HP: 65/88 MP: 9/9
  5966 | D:8      | Noticed Amaemon
  5966 | D:8      | Noticed an orange demon
  5984 | D:8      | HP: 4/88 [Amaemon/+0 demon whip of venom (2)]
  5985 | D:8      | Killed Amaemon
  5985 | D:8      | Reached **** piety under Okawaru
  6275 | D:8      | Reached skill level 12 in Long Blades
  6545 | D:8      | Found a sparkling altar of Nemelex Xobeh.
  6546 | D:8      | Found a blossoming altar of Fedhas.
  6547 | D:8      | Found an ancient bone altar of Kikubaaqudgha.
  6548 | D:8      | Found a shimmering blue altar of Sif Muna.
  6588 | D:8      | Found a glowing golden altar of the Shining One.
  6744 | D:8      | Killed an orange demon
  7362 | D:9      | Noticed Erolcha
  7379 | D:9      | Killed Erolcha
  7380 | D:9      | Reached skill level 10 in Armour
  7382 | D:9      | HP: 4/90 [poisoned by a killer bee]
  7640 | D:9      | Found an ornate altar of the Wu Jian Council.
  7955 | D:9      | Noticed a two-headed ogre
  7982 | D:9      | Killed a two-headed ogre
  7982 | D:9      | Reached ***** piety under Okawaru
  8255 | D:10     | Entered Level 10 of the Dungeon
  8264 | D:10     | Noticed Maurice
  8296 | D:10     | Killed Maurice
  8300 | D:10     | Reached skill level 1 in Invocations
  8300 | D:10     | Reached XP level 11. HP: 40/97 MP: 7/10
  8362 | D:10     | Noticed Erica
  8373 | D:10     | Killed Erica
  8381 | D:10     | Reached skill level 13 in Long Blades
  8404 | D:10     | Slain by a troll

Illustrated notes

Levels and vault maps discovered:
D:1:      dpeg_arrival_rooms_with_view, layout_loops_corners
D:2:      layout_loops_cross, basic_altar, minmay_heptomino_h4, uniq_jessica
D:3:      layout_basic, demons_altar
D:4:      layout_rooms, kennysheep_okawaru_gauntlet, corexii_leaking_fountain,
          grunt_ministairs_15, kennysheep_cluttered_room, uniq_ijyb, uniq_edmund
D:5:      lemuel_ice_spiral_2, layout_rooms, chequers_serial_rivers_small_a,
          minmay_misc_feat_iff, chequers_serial_rivers_large_b
D:6:      layout_loops_ring, gammafunk_ghost_arena, grunt_ministairs_7,
          uniq_pikel, uniq_sigmund, uniq_maggie
D:7:      layout_cave_pools, minmay_temple_entry_antechambers
D:8:      layout_basic, kennysheep_mini_moat, mainiacjoe_overflow_alcove_3,
          uniq_amaemon
D:9:      layout_irregular_city, nzn_wu_jian_contemplation, uniq_erolcha
D:10:     layout_small_grid, vehumet_crystals, mainiacjoe_overflow_two_lobes,
          enter_bailey_3, uniq_maurice, uniq_erica

Skill      XL: |  1  2  3  4  5  6  7  8  9 10 11 |
---------------+----------------------------------+-----
Fighting       | 4 5 6 8 9 |  9.5
Armour         | 4 5 6 7 8 10 | 10.7
Long Blades    | 3 4 5 6 8 9 11 12 13 | 13.0
Shields        | 4 5 6 8 |  8.5
Dodging        | 1 2 3 |  3.1
Evocations     | 1 |  1.0
Stealth        | 1 |  1.4
Invocations    | 1 |  1.1

Action                     |  1- 3 |  4- 6 |  7- 9 | 10-12 || total
---------------------------+-------+-------+-------+-------++-------
  Melee: Long sword        |    64 |   120 |   205 |   163 ||   552
         Headbutt          |     7 |    14 |    38 |    40 ||    99
 Invoke: Heroism           |       |       |       |     5 ||     5
  Evoke: Wand              |       |       |     3 |       ||     3
    Use: Potion            |     1 |     2 |     1 |     2 ||     6
         Scroll            |       |       |     8 |     3 ||    11
 Armour: Chain mail        |    42 |    67 |    62 |       ||   171
         Scale mail        |     5 |       |       |       ||     5
         Plate armour      |       |       |    29 |   122 ||   151
  Dodge: Dodged            |    39 |    53 |    76 |    63 ||   231
  Block: Buckler           |    23 |    21 |    46 |    53 ||   143
